 Dungeon Crawl Stone Soup version 0.32-a0-995-gb4a59205af (webtiles) character file.

Game seed: 12208062724840288213

33 protoss039 the Digger (level 3, 26/26 HPs)
             Began as a Demonspawn Earth Elementalist on Apr 22, 2024.
             Got out of the dungeon alive.
             The game lasted 00:01:07 (1491 turns).

protoss039 the Digger (DsEE)                        Turns: 1491, Time: 00:01:08

Health: 26/26      AC:  4    Str:  8    XL:     3   Next: 12%
Magic:  6/6        EV: 11    Int: 17    God:
Gold:   77         SH:  0    Dex: 13    Spells: 6/7 levels left

rFire   x . .        i - +1 dagger (protect)
rCold   + . .        (no shield)
rNeg    . . .        a - +0 robe
rPois   .            (no helmet)
rElec   .            (no cloak)
rCorr   .            (no gloves)
SInv    .            (no boots)
Will    .....        (no amulet)
Stlth   ++           e - ring of ice
HPRegen 0.24/turn    (no ring)
MPRegen 0.10/turn

%: no passive effects
@: no status effects
A: molten scales 1, spiny 1
a: no special abilities


You escaped.
You visited 1 branch of the dungeon, and saw 2 of its levels.

You collected 77 gold pieces.

Inventory:

Hand Weapons
 i - a +1 dagger of protection (weapon)
Armour
 a - a +0 robe (worn)
Jewellery
 e - a ring of ice (left hand)
Scrolls
 c - a scroll of revelation {unknown}
 f - a scroll of brand weapon {unknown}
 g - a scroll of teleportation {unknown}
 h - 2 scrolls of silence {unknown}
Potions
 b - 3 potions of magic


   Skills:
 + Level 1.5 Fighting
 - Level 1.7 Dodging
 - Level 1.7 Stealth
 + Level 2.5 Spellcasting
 - Level 1.0 Conjurations
 + Level 3.1 Earth Magic


You had 6 spell levels left.
You knew the following spells:

 Your Spells              Type           Power      Damage    Failure   Level
a - Sandblast             Erth           24%        2d8       4%          1

Your spell library contained the following spells:

 Spells                   Type           Power      Damage    Failure   Level
 Passwall                 Erth           12%        N/A       16%         3
 Stone Arrow              Conj/Erth      18%        3d8       24%         3
 Brom's Barrelling Bould  Conj/Erth      9%         2d3       61%         4
 Petrify                  Alch/Erth      7%         N/A       67%         4


Dungeon Overview and Level Annotations

Branches:
Dungeon (2/15) Zot: 10494

Altars:


Innate Abilities, Weirdness & Mutations

You are partially covered in molten scales. (AC +2)
You are partially covered in sharp spines.


Message History

You see here 3 curare-tipped darts.
Unknown command.
h - 2 scrolls labelled VOTHRI MIUN (gained 1)
Found an escape hatch in the floor.
A kobold comes into view. It is wielding a +0 short sword.
A kobold is nearby!
The kobold shouts!
A kobold is nearby!
A kobold is nearby!
A kobold is nearby!
Casting: Sandblast (safe; 4% risk of failure)
Confirm with . or Enter, or press ? or * to list all spells.
Aiming: Sandblast (safe; 4% risk of failure)
Press: ? - help, Shift-Dir - straight line, f - kobold
Aim: a kobold, wielding a +0 short sword (77% to hit)
The blast of sand hits the kobold.
The kobold is heavily wounded.
The kobold barely misses you. x2
Unknown command.
A kobold is nearby!
You hit the kobold.
Your weapon exudes an aura of protection.
The kobold is severely wounded.
The kobold barely misses you.
A kobold is nearby!
You hit the kobold.
You kill the kobold!
No target in view!
Unknown command.
There is a stone staircase leading down here.
You see here a jackal skeleton.
There is a stone staircase leading up here.
You climb upwards.
There is a stone staircase leading down here.
You see here a +0 scale mail.
You see here a +0 club.
You see here a +0 leather armour.
You see here a rat skeleton.
There is a staircase leading out of the dungeon here.
You have escaped!

#.#.# ♣ß~~^...........^~~ß♣ #.#.#
♣♣~~..♣....P..♣P.~P♣♣ #.#.#
♣♣♣♣♣♣♣♣P..♣♣♣♣♣♣♣♣ #.#.#
♣♣♣PP♣♣♣...♣♣♣P.♣♣♣ ######
..#.##♣♣~~.P♣.......♣..~P♣♣#.....
##...#♣ß~~^...........^~~ß♣######
#.####♣♣~~.P♣.......♣P.~P♣♣ ..#
♣♣♣♣♣♣.......♣♣♣♣♣♣ ..####
♣♣♣♣♣♣...@...♣♣♣♣♣♣
.....#♣♣P~.P♣..(....♣..~P♣♣
##...#♣ß~~^...........^~~ß♣
...#.#♣♣P~.P♣.......♣..~P♣♣
##...# ♣♣♣.P♣♣.♣♣♣.♣♣PP♣♣♣ ###.##
♣♣♣♣P.P♣P.P♣♣♣♣ ### #### #
#.########♣.^.♣.^.♣ #.# #... #
#>.......#♣~~~♣~~~♣#####.###.## #
#######.##♣~~P♣P~~♣#.)..#.##†#


There were no monsters in sight!

Vanquished Creatures
  A dart slug (D:2)
  2 bats (D:1)
  An endoplasm (D:2)
  6 goblins
  3 hobgoblins
  3 jackals (D:2)
  A quokka (D:1)
  4 ball pythons (D:1)
  4 kobolds
  2 rats
27 creatures vanquished.

Notes
Turn   | Place    | Note
-------+----------+-------------------------------------------
     0 | D:1      | protoss039 the Demonspawn Earth Elementalist began the
                  | quest for the Orb.
     0 | D:1      | Reached XP level 1. HP: 13/13 MP: 3/3
   327 | D:1      | Gained mutation: You are partially covered in molten
                  | scales. (AC +2) [demonic ancestry]
   327 | D:1      | Reached XP level 2. HP: 15/20 MP: 3/5
   443 | D:1      | Reached skill level 1 in Fighting
   618 | D:1      | Reached skill level 3 in Earth Magic
  1320 | D:2      | Gained mutation: You are partially covered in sharp spines.
                  | [demonic ancestry]
  1320 | D:2      | Reached XP level 3. HP: 26/26 MP: 2/6
  1491 | D:$      | Got out of the dungeon alive.

Illustrated notes

Levels and vault maps discovered:
D:1:      psy_arrival_wood_between_worlds, layout_loops_ring
D:2:      layout_loops_ring

Skill      XL: |  1  2 |
---------------+-------+-----
Fighting       | 1 |  1.5
Earth Magic    | 3 |  3.1
Dodging        | |  1.7
Stealth        | |  1.7
Spellcasting   | |  2.5
Conjurations   | |  1.0

Action                     || total
---------------------------++-------
  Melee: Dagger            ||     6
   Cast: Sandblast         ||    32
 Armour: Robe              ||     9
  Dodge: Dodged            ||    14

Table legend: (Time is in decaauts)
 A = Elapsed time spent in this place.
 B = Non-inter-level travel time spent in this place.
 C = Inter-level travel time spent in this place.
 D = Time resting spent in this place.
 E = Time spent auto-exploring this place.
 F = Levels seen in this place.
 G = Mean time per level.
                   A        B        C        D        E       F      G
               +--------+--------+--------+--------+--------+-----+--------+
         Total |   1505 |   1340 |    165 |      0 |   1193 |   2 |  752.5 |
       Dungeon |   1505 |   1340 |    165 |      0 |   1193 |   2 |  752.5 |
               +--------+--------+--------+--------+--------+-----+--------+

Top non-repeatable levels by time:
     D:1: 1249 daAuts
     D:2: 256 daAuts
